 Dungeon Crawl Stone Soup version 0.30.1-11-g7821555f0a (webtiles) character file.

Game seed: 17360163205015926967

253928 cowcol the Conqueror (level 19, -7/227 HPs)
             Began as a Minotaur Fighter on Dec 24, 2023.
             Was the Champion of Okawaru.
             Mangled by a vault warden
             ... wielding a +0 long sword
              (32 damage)
             ... on level 1 of the Vaults on Dec 25, 2023.
             The game lasted 02:34:36 (50415 turns).

cowcol the Conqueror (Minotaur Fighter)            Turns: 50415, Time: 02:34:36

Health: -7/227     AC: 28    Str: 31    XL:     19   Next: 1%
Magic:  19/21      EV: 15    Int:  9    God:    Okawaru [******]
Gold:   2354       SH: 20    Dex: 12    Spells: 18/18 levels left

rFire   + + .        R - +5 broad axe (venom)
rCold   . . .        N - +0 kite shield {reflect}
rNeg    . . .        V - +4 scale mail of the Desolation of Salt {rPois rF+}
rPois   +            (helmet unavailable)
rElec   .            y - +2 cloak {rCorr}
rCorr   +            f - +2 pair of gloves of Death's Door {Will+ Str+4 Int+2}
SInv    .            T - +1 pair of boots {Fly}
Will    ++...        Q - amulet of reflection
Stlth   +            w - ring of Laffa Kot {rPois rF+ Str+2}
HPRegen 0.57/turn    L - +4 ring of slaying
MPRegen 0.17/turn

%: reflection
@: heroic, flying, studying Shields
A: horns 3, retaliatory headbutt, talons 1, iridescent scales 1, robust 1, noise
suppression
}: 2/15 runes: decaying, gossamer
a: Renounce Religion, Heroism, Finesse, Duel


You were on level 1 of the Vaults.
You worshipped Okawaru.
Okawaru was exalted by your worship.
You visited 7 branches of the dungeon, and saw 32 of its levels.
You also visited: Ice Cave and Volcano.

You collected 2792 gold pieces.
You spent 438 gold pieces at shops.

Inventory:

Hand Weapons
 c - the +1 flail of Okawaru's Grace {holy, Str+4 Dex+7}
   (Okawaru gifted it to you on level 2 of the Lair of Beasts)

   Str:       It affects your strength (+4).
   Dex:       It affects your dexterity (+7).
 E - a +2 broad axe of flaming
 R - a +5 broad axe of venom (weapon)
 U - the +2 war axe "Mosycw" {flame, rPois Str+3 Int-4 Dex+3}
   (You acquired it on level 4 of the Lair of Beasts)

   Str:       It affects your strength (+3).
   Int:       It affects your intelligence (-4).
   Dex:       It affects your dexterity (+3).
   rPois:     It protects you from poison.
Missiles
 b - 9 silver javelins
 h - 23 atropa-tipped darts (quivered)
 v - 56 poisoned darts
Armour
 f - the +2 pair of gloves of Death's Door (worn) {Will+ Str+4 Int+2}
   (You bought it in a shop on level 2 of the Orcish Mines)

   Str:       It affects your strength (+4).
   Int:       It affects your intelligence (+2).
   Will:      It increases your willpower.
 y - a +2 cloak of preservation (worn)
 J - a +1 crystal plate armour
 K - a +2 kite shield
 N - a +0 kite shield of reflection (worn)
 T - a +1 pair of boots of flying (worn)
 V - the +4 scale mail of the Desolation of Salt (worn) {rPois rF+}
   (Okawaru gifted it to you on level 5 of the Lair of Beasts)

   rF:        It protects you from fire.
   rPois:     It protects you from poison.
Jewellery
 s - a ring of positive energy
 t - a +4 ring of protection
 w - the ring of Laffa Kot (left hand) {rPois rF+ Str+2}
   (You found it on level 7 of the Dungeon)

   [ring of poison resistance]

   Str:       It affects your strength (+2).
   rF:        It protects you from fire.
   rPois:     It protects you from poison.
 L - a +4 ring of slaying (right hand)
 Q - an amulet of reflection (around neck)
Wands
 x - a wand of mindburst (20)
 C - a wand of quicksilver (17)
 F - a wand of roots (31)
 G - a wand of digging (23)
Scrolls
 e - 9 scrolls of teleportation
 i - 4 scrolls of poison
 j - 2 scrolls of magic mapping
 n - a scroll of amnesia
 r - 4 scrolls of fog
 u - a scroll of silence
 P - 9 scrolls of identify
Potions
 a - 4 potions of haste
 g - a potion of berserk rage
 l - 5 potions of invisibility
 m - 7 potions of flight
 o - 11 potions of curing
 p - 4 potions of might
 z - 7 potions of heal wounds
 A - 3 potions of cancellation
Miscellaneous
 d - a piece from Xom's chessboard (15/15)
 Z - a lightning rod (4/4)


   Skills:
 O Level 27 Fighting
 - Level 22.9(27) Axes
 + Level 3.3(20.5) Maces & Flails
 + Level 4.3(9.3) Throwing
 + Level 15.4(20.4) Armour
 - Level 6.0(11.0) Dodging
 + Level 15.7(20.7) Shields
 + Level 4.6 Invocations


You had 18 spell levels left.
You didn't know any spells.
Your spell library contained the following spells:

 Spells                   Type           Power      Damage    Failure   Level
 Apportation              Tloc           0%         N/A       56%         1
 Beastly Appendage        Tmut           0%         N/A       56%         1
 Foxfire                  Conj/Fire      0%         2x1d4     56%         1
 Magic Dart               Conj           0%         1d3       56%         1
 Necrotise                Necr           0%         1d4       56%         1
 Slow                     Hex            0%         N/A       56%         1
 Ensorcelled Hibernation  Hex/Ice        0%         N/A       71%         2
 Poisonous Vapours        Pois/Air       0%         N/A       71%         2
 Sublimation of Blood     Necr           0%         N/A       71%         2
 Confusing Touch          Hex            0%         N/A       91%         3
 Dazzling Flash           Conj/Hex       0%         N/A       91%         3
 Gell's Gravitas          Tloc           0%         N/A       91%         3
 Hailstorm                Conj/Ice       0%         3d3       91%         3
 Inner Flame              Hex/Fire       0%         N/A       91%         3
 Mephitic Cloud           Conj/Pois/Air  0%         N/A       91%         3
 Ozocubu's Armour         Ice            0%         N/A       91%         3
 Portal Projectile        Hex/Tloc       0%         N/A       91%         3
 Spider Form              Tmut/Pois      0%         N/A       91%         3
 Stone Arrow              Conj/Erth      0%         3d7       91%         3
 Teleport Other           Tloc           0%         N/A       91%         3
 Vampiric Draining        Necr           0%         2d6       91%         3
 Volatile Blastmotes      Fire/Tloc      0%         2d10      91%         3
 Anguish                  Hex/Necr       0%         N/A       100%        4
 Cause Fear               Hex            0%         N/A       100%        4
 Flame Wave               Conj/Fire      0%         2d4       100%        4
 Ice Form                 Ice/Tmut       0%         N/A       100%        4
 Iskenderun's Mystic Bla  Conj/Tloc      0%         2d3       100%        4
 Leda's Liquefaction      Hex/Erth       0%         N/A       100%        4
 Passage of Golubria      Tloc           0%         N/A       100%        4
 Petrify                  Tmut/Erth      0%         N/A       100%        4
 Sticky Flame             Conj/Fire      0%         2d3       100%        4
 Agony                    Necr           0%         N/A       100%        5
 Blade Hands              Tmut           0%         N/A       100%        5
 Fireball                 Conj/Fire      0%         3d3       100%        5
 Freezing Cloud           Conj/Ice/Air   0%         6-21      100%        5
 Irradiate                Conj/Tmut      0%         3d11      100%        5
 Lee's Rapid Deconstruct  Erth           0%         3d4*      100%        5
 Metabolic Englaciation   Hex/Ice        0%         N/A       100%        5
 Yara's Violent Unravell  Hex/Tmut       0%         3d3       100%        5
 Dispersal                Tloc           0%         N/A       100%        6
 Plasma Beam              Fire/Air       0%         2x1d11    100%        6
 Starburst                Conj/Fire      0%         6d3       100%        6
 Statue Form              Tmut/Erth      0%         N/A       100%        6
 Enfeeble                 Hex            0%         N/A       100%        7
 Lehudib's Crystal Spear  Conj/Erth      0%         10d2      100%        8
 Chain Lightning          Conj/Air       0%         N/A       100%        9
 Fire Storm               Conj/Fire      0%         5d1       100%        9
 Shatter                  Erth           0%         3d5*      100%        9
 Summon Small Mammal      Summ           Unusable   N/A       N/A         1
 Call Imp                 Summ           Unusable   N/A       N/A         2
 Summon Guardian Golem    Hex/Summ       Unusable   N/A       N/A         3
 Tukima's Dance           Hex            Unusable   N/A       N/A         3
 Animate Armour           Summ/Erth      Unusable   N/A       N/A         4
 Simulacrum               Ice/Necr       Unusable   N/A       N/A         6

Dungeon Overview and Level Annotations

Branches:
Dungeon (15/15)            Temple (1/1) D:6            Lair (5/5) D:9
  Swamp (4/4) Lair:2       Spider (4/4) Lair:2        Slime (0/5) Lair:4
    Orc (2/2) D:12            Elf (0/3) Orc:2        Vaults (1/5) D:13
 Depths (0/4) D:15          IceCv (visited)         Volcano (visited)

Altars:
Ashenzari
Cheibriados
Dithmenos
Elyvilon
Fedhas
Gozag
Hepliaklqana
Kikubaaqudgha
Makhleb
Nemelex Xobeh
Okawaru
Qazlal
Ru
Sif Muna
Trog
Uskayaw
Vehumet
Wu Jian
Xom
Yredelemnul
Zin
The Shining One
Jiyva

Shops:
D:1 ?   D:10 *   Orc:2 :=[((

Annotations:
Swamp:4 Kirke


Innate Abilities, Weirdness & Mutations

You have a pair of large horns on your head.
You reflexively headbutt those who attack you in melee.
You have sharp toenails.
You are partially covered in iridescent scales. (AC +2)
You are robust. (+10% HP)
You passively dampen the noise of your surroundings.


Message History

Something smites you!
You slice the ironbound frostheart!!
You kill the ironbound frostheart!
Okawaru accepts your kill.
You hit the sphinx but do no damage.
The sphinx looks as sick as possible!
You slice the vault warden!!
The vault warden activates a sealing rune.
Electricity crackles from the ironbound thunderhulk's apparatus.
The bolt of lightning hits you!!!
* * * LOW HITPOINT WARNING * * *
The ironbound convoker gestures at the sphinx while chanting.
The sphinx seems to grow stronger.
You barely miss something. You slash the sphinx!
You hit the vault warden but do no damage.
The vault warden is poisoned.
The ice encasing you melts away.
The sphinx hits you but does no damage. x2; You block the sphinx's attack.
You hear some strange, mumbled words.
The vault warden closely misses you.
You feel much better. You block the sphinx's attack.
The sphinx barely misses you. The sphinx closely misses you.
The vault warden hits you with a +0 long sword!
* * * LOW HITPOINT WARNING * * *
Electricity crackles from the ironbound thunderhulk's apparatus.
The bolt of lightning hits you.
* * * LOW HITPOINT WARNING * * *
The ironbound convoker gestures at the ironbound frostheart while chanting.
The ironbound frostheart seems to grow stronger.
The ironbound frostheart touches you!!
* * * LOW HITPOINT WARNING * * *
The ironbound frostheart freezes you!
* * * LOW HITPOINT WARNING * * *
The wizard gestures wildly while chanting.
The wizard flickers and vanishes!
Unknown command.
You feel much better. The sphinx hits you!!
* * * LOW HITPOINT WARNING * * *
You block the sphinx's attack. x2
The vault warden hits you with a +0 long sword!!
You die...

#........+ #........#
.#........#
.+........# #........#
#...O....# #....{>..#
.#...ppH..#
.+....@p.)#
.######++#############
#......#.......#
#......#.......#
#......#.......#
#......#..).∩..#
#......'())....#
#......#.).....#
#......#.......#


You could see a sphinx (strong, extremely poisoned), a vault warden (strong,
very poisoned), an ironbound thunderhulk, an ironbound frostheart (strong) and
an ironbound convoker (catching breath).

Vanquished Creatures
  A sphinx (D:13)
  2 thorn hunters
  Donald (Orc:1)
  A fenstrider witch (Swamp:1)
  Louise (Swamp:2)
  8 emperor scorpions
  2 vault wardens (Vaults:1)
  Aizul (Swamp:1)
  6 ghost moths
  An orc warlord (Orc:2)
  4 ghouls (Swamp:3)
  3 very ugly things (Vaults:1)
  2 ironbound thunderhulks (Vaults:1)
  An ironbound preserver (Vaults:1)
  2 bunyips
  5 eleionomae
  Azrael (D:15)
  6 spark wasps
  3 fire dragons (Swamp:4)
  A yaktaur captain (Vaults:1)
  Josephine (Lair:4)
  A shambling mangrove (Swamp:4)
  Erolcha (Orc:1)
  2 entropy weavers
  A great orb of eyes (Vaults:1)
  An ogre mage (D:13)
  Fannar (Lair:1)
  A rakshasa (D:15)
  3 ghost crabs
  22 hydras
  3 ironbound frosthearts
  19 centaur warriors
  10 two-headed ogres
  A catoblepas (D:13)
  12 alligators
  A death knight (D:15)
  A merfolk avatar (Lair:5)
  A tengu warrior (D:15)
  11 boulder beetles
  15 death yaks
  An orc high priest (Orc:1)
  A fire crab (Swamp:4)
  A skeletal warrior (D:9)
  10 pharaoh ants
  6 skysharks
  4 spriggan druids
  4 goliath frogs
  10 orb spiders
  A sea snake (Lair:5)
  A glowing orange brain (Vaults:1)
  4 deep trolls (Vaults:1)
  6 lindwurms
  4 bog bodies
  11 steelbarb worms
  11 deep elf pyromancers
  A necromancer (D:15)
  30 wolf spiders
  9 swamp dragons
  A wolf spider zombie (D:15)
  A harpy (Lair:5)
  3 ironbound convokers (Vaults:1)
  A deep elf archer (Volcano)
  2 wizards
  2 orc knights (Orc:2)
  A deep elf zephyrmancer (D:15)
  6 cyclopes
  4 orc sorcerers
  8 manticores
  17 ugly things
  A moth of wrath (Spider:4)
  10 elephants
  A centaur zombie (D:15)
  A vault sentinel (Vaults:1)
  An ice statue (IceCv)
  12 demonic crawlers
  4 molten gargoyles (D:9)
  An eye of devastation (shapeshifter) (D:13)
  Joseph (D:7)
  A naga mage (D:15)
  5 torpor snails
  5 black mambas
  6 cane toads
  3 gargoyles
  An unseen horror (D:10)
  5 rime drakes
  3 freezing wraiths
  8 komodo dragons
  A yaktaur (D:13)
  3 tengu conjurers
  A queen bee (shapeshifter) (D:13)
  A bloated husk (Swamp:4)
  8 trolls
  12 hornets
  3 meliai (Spider:3)
  12 polar bears
  4 tyrant leeches
  A wind drake (Lair:5)
  27 tarantellas
  18 blink frogs
  7 dream sheep
  A harpy skeleton (D:15)
  14 slime creatures
  17 jumping spiders
  Sigmund (D:3)
  4 wyverns
  13 spriggans
  49 yaks
  22 culicivoras
  2 shadows
  14 wraiths
  A hog (Swamp:4)
  2 basilisks
  10 fire elementals
  2 steam dragons
  12 vampire mosquitoes
  39 redbacks
  3 wargs
  19 swamp worms
  3 acid dragons
  10 water moccasins
  9 hell hounds
  Duvessa (D:5)
  40 orc warriors
  9 swamp drakes (Swamp:4)
  4 ice beasts
  2 sky beasts
  4 black bears
  5 ogres
  29 wolves
  21 centaurs
  2 phantoms
  6 kobold brigands
  8 bullfrogs
  2 gnoll sergeants
  3 scorpions
  A hornet simulacrum (D:12)
  Dowan (D:5)
  6 killer bees
  5 howler monkeys
  3 jellies
  2 lava snakes
  18 orc priests
  A gnoll bouda (D:6)
  2 sleepcaps
  4 hounds
  4 iguanas
  22 orc wizards
  16 gnolls
  5 adders
  A shadow imp (D:7)
  3 white imps
  An ufetubus (D:4)
  6 dart slugs
  68 orcs
  5 ball pythons
  6 endoplasms
  4 giant cockroaches
  3 goblins
  7 hobgoblins
  8 jackals
  35 kobolds
  2 quokkas
  7 bats
  2 frilled lizards
  5 rats
  A spectral hobgoblin (D:1)
1125 creatures vanquished.

Vanquished Creatures (others)
  A hydra (Swamp:4)
  3 swamp dragons (Swamp:4)
  A deep elf pyromancer (D:15)
  2 bloated husks
  3 swamp drakes (Swamp:4)
  An orc wizard (Orc:2)
  An orc (Orc:1)
  A fire vortex (Swamp:4)
  A spectral weapon (Spider:2)
14 creatures vanquished.

Grand Total: 1139 creatures vanquished

Notes
Turn   | Place    | Note
-------+----------+-------------------------------------------
     0 | D:1      | cowcol the Minotaur Fighter began the quest for the Orb.
     0 | D:1      | Reached XP level 1. HP: 19/19 MP: 0/0
   169 | D:1      | Reached XP level 2. HP: 12/27 MP: 1/1
   209 | D:1      | Reached skill level 4 in Fighting
   506 | D:1      | Reached XP level 3. HP: 33/33 MP: 2/2
   509 | D:1      | Got the Handbook of Erosion and Malisons
   519 | D:1      | Found a faded altar of an unknown god.
   828 | D:1      | Found Raasex's Magic Scroll Emporium.
   835 | D:1      | Bought a scroll of magic mapping for 82 gold pieces
  1388 | D:2      | Reached XP level 4. HP: 40/40 MP: 3/3
  2424 | D:3      | Noticed Sigmund
  2431 | D:3      | Killed Sigmund
  2432 | D:3      | Reached skill level 5 in Armour
  2432 | D:3      | Reached XP level 5. HP: 47/47 MP: 4/4
  2600 | D:3      | Reached skill level 5 in Axes
  2600 | D:3      | Reached XP level 6. HP: 21/53 MP: 5/5
  3305 | D:4      | Found a stormy altar of Qazlal.
  3464 | D:4      | Found an opulent altar of Gozag.
  3596 | D:3      | Reached skill level 5 in Fighting
  3753 | D:3      | Reached XP level 7. HP: 9/61 MP: 6/6
  4570 | D:4      | Reached skill level 1 in Throwing
  5022 | D:5      | Entered Level 5 of the Dungeon
  5031 | D:5      | Found a basalt altar of Yredelemnul.
  5184 | D:5      | Noticed Duvessa
  5190 | D:5      | Noticed Dowan
  5195 | D:5      | Killed Duvessa
  5206 | D:5      | Killed Dowan
  5603 | D:5      | Reached XP level 8. HP: 62/70 MP: 7/7
  5643 | D:5      | Reached skill level 6 in Fighting
  6050 | D:5      | Found a sacrificial altar of Ru.
  6511 | D:6      | Found a staircase to the Ecumenical Temple.
  6530 | Temple   | Entered the Ecumenical Temple
  6536 | D:6      | Reached skill level 10 in Axes
  6641 | D:6      | Reached XP level 9. HP: 63/78 MP: 8/8
  7068 | D:6      | Reached skill level 7 in Fighting
  7759 | D:6      | Found a glowing silver altar of Zin.
  7992 | D:7      | Noticed Joseph
  8005 | D:7      | Killed Joseph
  8100 | D:7      | Paralysed by a hornet for 2 turns
  8743 | D:7      | Identified the ring of Laffa Kot {rPois rF+ Str+2}
  8766 | D:7      | Reached skill level 8 in Fighting
  9057 | D:7      | Reached XP level 10. HP: 71/88 MP: 9/9
  9434 | D:8      | Reached skill level 10 in Armour
 10107 | D:8      | Found a glowing golden altar of the Shining One.
 10988 | D:8      | Noticed a centaur warrior
 10999 | D:8      | Killed a centaur warrior
 11000 | D:8      | Reached skill level 9 in Fighting
 11164 | D:9      | Noticed a molten gargoyle
 11169 | D:9      | Noticed a molten gargoyle
 11174 | D:9      | Killed a molten gargoyle
 11178 | D:9      | Killed a molten gargoyle
 11181 | D:9      | Noticed a molten gargoyle
 11188 | D:9      | Killed a molten gargoyle
 11457 | D:9      | Found a staircase to the Lair.
 11506 | D:9      | Noticed a two-headed ogre
 11518 | D:9      | Killed a two-headed ogre
 11523 | D:9      | Reached XP level 11. HP: 95/99 MP: 10/10
 11607 | D:9      | Identified the +0 flail "Hota" {freeze, Str+2}
 11698 | D:9      | Reached skill level 10 in Fighting
 11864 | D:9      | Reached skill level 15 in Axes
 11980 | D:9      | Noticed a two-headed ogre
 12014 | D:9      | Killed a two-headed ogre
 12109 | D:9      | Noticed a two-headed ogre
 12118 | D:9      | Killed a two-headed ogre
 12717 | D:9      | Noticed a two-headed ogre
 12717 | D:9      | Noticed a two-headed ogre
 12717 | D:9      | Noticed a two-headed ogre
 12717 | D:9      | Noticed a boulder beetle
 12727 | D:9      | Killed a boulder beetle
 12735 | D:9      | Killed a two-headed ogre
 12740 | D:9      | Killed a two-headed ogre
 12741 | D:9      | Reached skill level 11 in Fighting
 12741 | D:9      | Noticed a cyan ugly thing
 12747 | D:9      | Killed a cyan ugly thing
 12747 | D:9      | Killed a two-headed ogre
 12749 | D:9      | Noticed a skeletal warrior
 13252 | D:9      | Found a runed translucent door.
 13252 | D:9      | Found a runed translucent door.
 13252 | D:9      | Noticed a two-headed ogre
 13263 | D:9      | Killed a two-headed ogre
 13427 | D:9      | Identified the staff of earth "Lenn" {Dex+3}
 13484 | D:9      | Gained mutation: Your system is resistant to poisons.
                  | (rPois) [potion of mutation]
 13484 | D:9      | Gained mutation: You have sharp toenails. [potion of
                  | mutation]
 13484 | D:9      | Gained mutation: Your body sometimes deteriorates upon
                  | taking damage. [potion of mutation]
 13485 | D:9      | Lost mutation: Your system is resistant to poisons. (rPois)
                  | [potion of mutation]
 13485 | D:9      | Lost mutation: Your body sometimes deteriorates upon taking
                  | damage. [potion of mutation]
 13485 | D:9      | Gained mutation: You passively dampen the noise of your
                  | surroundings. [potion of mutation]
 13485 | D:9      | Gained mutation: You have hidden genetic potential. [potion
                  | of mutation]
 13590 | D:9      | Killed a skeletal warrior
 13608 | D:9      | Found a shadowy altar of Dithmenos.
 13611 | D:9      | Found a bloodstained altar of Trog.
 13617 | D:9      | Found a radiant altar of Vehumet.
 13620 | D:9      | Found a snail-covered altar of Cheibriados.
 13622 | D:9      | Found a hide-covered altar of Uskayaw.
 13641 | D:9      | Reached skill level 5 in Shields
 13641 | D:9      | Reached XP level 12. HP: 112/112 MP: 11/11
 13645 | D:9      | Found an iron altar of Okawaru.
 13663 | D:9      | Became a worshipper of Warmaster Okawaru
 13834 | Lair:1   | Entered Level 1 of the Lair of Beasts
 13885 | D:10     | Entered Level 10 of the Dungeon
 13975 | D:10     | Found Qyopp's Elemental Accessories.
 13975 | D:10     | Found the +3 crown of Dyrovepreva {rElec Int+2 SInv}
 14033 | D:10     | Reached skill level 12 in Fighting
 14937 | D:11     | Noticed a boulder beetle
 15012 | D:11     | Killed a boulder beetle
 15303 | D:11     | Noticed a two-headed ogre
 15313 | D:11     | Killed a two-headed ogre
 15313 | D:11     | Reached * piety under Okawaru
 16195 | Lair:1   | Noticed Fannar
 16211 | Lair:1   | Killed Fannar
 16211 | Lair:1   | Reached ** piety under Okawaru
 16212 | Lair:1   | Reached skill level 13 in Fighting
 16585 | Lair:1   | Noticed a death yak
 16585 | Lair:1   | Noticed a death yak
 16585 | Lair:1   | Noticed a death yak
 16970 | D:9      | Killed a death yak
 16985 | D:9      | Gained mutation: You have a pair of large horns on your
                  | head. [hidden potential]
 17100 | Lair:1   | Reached *** piety under Okawaru
 17105 | Lair:1   | Reached skill level 14 in Fighting
 17342 | Lair:1   | Noticed a death yak
 17342 | Lair:1   | Noticed a death yak
 17342 | Lair:1   | Noticed a death yak
 17363 | Lair:1   | Killed a death yak
 17394 | Lair:1   | Killed a death yak
 17400 | Lair:1   | Killed a death yak
 17400 | Lair:1   | Reached **** piety under Okawaru
 17406 | Lair:1   | Killed a death yak
 17407 | Lair:1   | Reached skill level 15 in Fighting
 17414 | Lair:1   | Killed a death yak
 18032 | Lair:2   | Noticed a death yak
 18032 | Lair:2   | Noticed a death yak
 18032 | Lair:2   | Noticed a death yak
 18034 | Lair:2   | Noticed a death yak
 18044 | Lair:2   | Killed a death yak
 18045 | Lair:2   | Reached XP level 13. HP: 115/127 MP: 12/12
 18060 | Lair:2   | Reached ***** piety under Okawaru
 18180 | Lair:2   | Found a frozen archway.
 18190 | IceCv    | Entered an ice cave
 18205 | IceCv    | Reached skill level 16 in Fighting
 18238 | IceCv    | Received a gift from Okawaru
 18249 | IceCv    | Found the +4 skin of Zhor {*Englaciate rC+++ SInv}
 18564 | IceCv    | Reached skill level 17 in Fighting
 18746 | IceCv    | Gained mutation: You have great hidden genetic potential.
                  | [hidden potential]
 18746 | IceCv    | Lost mutation: You have great hidden genetic potential.
                  | [hidden potential expressed]
 18889 | IceCv    | Reached skill level 18 in Fighting
 19516 | Lair:2   | Identified the +1 flail of Okawaru's Grace {holy, Str+4
                  | Dex+7} (Okawaru gifted it to you on level 2 of the Lair of
                  | Beasts)
 19516 | Lair:2   | Received a gift from Okawaru
 19548 | Lair:2   | Found a staircase to the Swamp.
 20197 | Lair:2   | Found a hole to the Spider Nest.
 20957 | Lair:3   | Reached skill level 19 in Fighting
 21216 | Lair:3   | Identified the +2 pair of boots of the Cricket {rPois rN+}
 21585 | Lair:4   | Reached XP level 14. HP: 146/146 MP: 13/13
 21610 | Lair:4   | Received a gift from Okawaru
 21637 | Lair:4   | Noticed Josephine
 21643 | Lair:4   | Killed Josephine
 21650 | Lair:4   | Reached skill level 1 in Maces & Flails
 21889 | Lair:4   | Found a staircase to the Slime Pits.
 21889 | Lair:4   | Found a viscous altar of Jiyva.
 21932 | Lair:4   | Reached skill level 1 in Invocations
 21936 | Lair:4   | Reached skill level 20 in Fighting
 22060 | Lair:4   | Identified a scroll of acquirement
 22061 | Lair:4   | Acquired the +2 war axe "Mosycw" {flame, rPois Str+3 Int-4
                  | Dex+3}
 22353 | Lair:4   | Reached ****** piety under Okawaru
 22457 | Lair:4   | Identified the +5 ring mail of Going Fast {rF+ rC+ rN+
                  | Stlth+}
 22529 | Lair:5   | Entered Level 5 of the Lair of Beasts
 22587 | Lair:5   | Received a gift from Okawaru
 22598 | Lair:5   | Gained mutation: You are partially covered in iridescent
                  | scales. (AC +2) [hidden potential]
 23676 | Lair:5   | Identified the +4 scale mail of the Desolation of Salt
                  | {rPois rF+} (Okawaru gifted it to you on level 5 of the
                  | Lair of Beasts)
 23676 | Lair:5   | Received a gift from Okawaru
 24106 | Lair:5   | Reached skill level 21 in Fighting
 24108 | Lair:5   | Reached skill level 10 in Shields
 25092 | D:12     | Found a staircase to the Orcish Mines.
 25317 | D:12     | Reached skill level 1 in Dodging
 25869 | D:13     | Reached XP level 15. HP: 152/158 MP: 15/15
 25890 | D:13     | Noticed a sphinx
 25896 | D:13     | Killed a sphinx
 26163 | D:13     | Received a gift from Okawaru
 26504 | D:13     | Found a gate to the Vaults.
 26534 | D:13     | Received a gift from Okawaru
 26547 | D:13     | Gained mutation: You are robust. (+10% HP) [hidden
                  | potential]
 26547 | D:13     | Lost mutation: You have hidden genetic potential. [hidden
                  | potential expressed]
 27394 | Orc:1    | Entered Level 1 of the Orcish Mines
 27411 | Orc:1    | Noticed Erolcha
 27423 | Orc:1    | Received a gift from Okawaru
 27433 | Orc:1    | Killed Erolcha
 27554 | Orc:1    | Found a dark tunnel.
 27629 | Volcano  | Entered a volcano
 27725 | Volcano  | Identified the +1 pair of gloves "Cantufoc" {*Corrode
                  | Regen+ Dex+3} (Okawaru gifted it to you in a volcano)
 27725 | Volcano  | Received a gift from Okawaru
 28041 | Orc:1    | Found a shimmering blue altar of Sif Muna.
 28553 | Orc:1    | Reached skill level 22 in Fighting
 28776 | Orc:2    | Entered Level 2 of the Orcish Mines
 28944 | Orc:2    | Noticed Donald
 28971 | Orc:1    | Killed Donald
 29985 | Orc:2    | Noticed a walking divine tome
 29987 | Orc:2    | Found Xapong's Book Shoppe.
 29991 | Orc:2    | Noticed a walking divine tome
 30004 | Orc:2    | Found a bloodstained altar of Trog.
 30489 | Orc:2    | Found Zebrue's Antique Weapon Emporium.
 30489 | Orc:2    | Found Koikuj's Antique Armour Boutique.
 30491 | Orc:2    | Found Inulirr's Jewellery Shop.
 30493 | Orc:2    | Found Luolojif's Antique Weapon Shoppe.
 30608 | Orc:2    | Bought a pair of steaming gloves for 199 gold pieces
 30608 | Orc:2    | Identified the +2 pair of gloves of Death's Door {Will+
                  | Str+4 Int+2} (You bought it in a shop on level 2 of the
                  | Orcish Mines)
 30608 | Orc:2    | Bought a pair of glowing boots for 157 gold pieces
 30757 | Orc:2    | Found a staircase to the Elven Halls.
 31349 | Orc:1    | Got Sif Muna's Enchiridion on Composition
 31712 | D:14     | Reached XP level 16. HP: 166/188 MP: 17/17
 31736 | D:14     | Reached skill level 23 in Fighting
 32221 | D:14     | Received a gift from Okawaru
 32295 | D:15     | Entered Level 15 of the Dungeon
 32644 | D:15     | Noticed Azrael
 32649 | D:15     | Killed Azrael
 32660 | D:15     | Received a gift from Okawaru
 32757 | D:15     | Found a radiant altar of Vehumet.
 33352 | D:15     | Found a staircase to the Depths.
 33671 | Swamp:1  | Entered Level 1 of the Swamp
 33682 | Swamp:1  | Identified the +0 robe of the Swan {-Cast +Blink rElec
                  | Dex-2} (Okawaru gifted it to you on level 1 of the Swamp)
 33682 | Swamp:1  | Received a gift from Okawaru
 33951 | Swamp:1  | Noticed a thorn hunter
 33962 | Swamp:1  | Killed a thorn hunter
 34316 | Swamp:1  | Noticed Aizul
 34334 | Swamp:1  | Killed Aizul
 35263 | Swamp:2  | Noticed Louise
 35284 | Swamp:2  | Killed Louise
 35580 | Swamp:2  | Reached skill level 24 in Fighting
 36672 | Swamp:3  | Received a gift from Okawaru
 36673 | Swamp:3  | Reached XP level 17. HP: 133/201 MP: 19/19
 37509 | Swamp:4  | Entered Level 4 of the Swamp
 37580 | Swamp:4  | Received a gift from Okawaru
 38386 | Swamp:4  | Identified the +4 quarterstaff "Quplat" {holy, Dex+5}
 39322 | Swamp:4  | Reached skill level 25 in Fighting
 39892 | Swamp:4  | Noticed Kirke
 40480 | Swamp:4  | Received a gift from Okawaru
 41213 | Swamp:4  | Got a decaying rune of Zot
 41519 | Spider:1 | Entered Level 1 of the Spider Nest
 42872 | Spider:2 | Received a gift from Okawaru
 43218 | Spider:2 | Reached skill level 26 in Fighting
 44825 | Spider:3 | Received a gift from Okawaru
 44826 | Spider:3 | Reached XP level 18. HP: 215/215 MP: 20/20
 44901 | Spider:3 | Received a gift from Okawaru
 46584 | Spider:4 | Entered Level 4 of the Spider Nest
 46597 | Spider:4 | Reached skill level 5 in Dodging
 47293 | Spider:4 | Received a gift from Okawaru
 48574 | Spider:4 | Got a gossamer rune of Zot
 49108 | Spider:4 | Received a gift from Okawaru
 49586 | Vaults:1 | Entered Level 1 of the Vaults
 49634 | Vaults:1 | Reached skill level 27 in Fighting
 49893 | Vaults:1 | Reached skill level 15 in Armour
 50224 | Vaults:1 | Reached skill level 15 in Shields
 50337 | Vaults:1 | Identified the +1 flail of Unreason {heavy, Will+ Int+4}
 50408 | Vaults:1 | Reached XP level 19. HP: 134/227 MP: 18/21
 50415 | Vaults:1 | Mangled by a vault warden

Illustrated notes

Levels and vault maps discovered:
D:1:      kilobyte_arrival_exit_the_forest, layout_basic, serial_shops,
          nicolae_shop_just_a_little_nook,
          dreamdust_ecumenical_altar_drowned_temple
D:2:      layout_loops_ring
D:3:      layout_basic, minmay_misc_feat_square, minmay_misc_feat_nine_boxes,
          uniq_sigmund
D:4:      cheibrodos_thug_alley, layout_cave_pools, grunt_gozag_breadcrumbs,
          grunt_qazlal_sundering, corexii_leaking_fountain
D:5:      layout_loops_ring, amcnicky_altar_gilded, old_standard_altar,
          solitary_fountain, uniq_duvessa
D:6:      layout_loops_corners, nicolae_overflow_hidden_temple, temple_pool_b,
          grunt_ministairs_12, minmay_hedge_maze, minmay_puff
D:7:      layout_cave_pods, uniq_joseph
D:8:      layout_basic, tso_metal_star, grunt_ministairs_1, nrook_loot_triangle,
          small_chamber_with_monster, chequers_serial_rivers_micro_b
D:9:      minmay_the_grid_four_pointed_star_mashed
          [minmay_the_grid_triangle_9x9_warning,
          minmay_the_grid_triangle_9x9_cache,
          minmay_the_grid_triangle_9x9_tough_junction,
          minmay_the_grid_triangle_9x9_minimal,
          minmay_the_grid_prize_trominoes], layout_grid_maze,
          nicolae_overflow_hallway_of_the_gods, david_lair_shrubbed,
          minivault_26, minivault_8
D:10:     layout_loops_ring, nicolae_elemental_shop,
          chequers_serial_rivers_micro_c
D:11:     layout_stronghold
D:12:     layout_rooms
D:13:     nzn_winding_woodlands_cross [nzn_winding_woodlands_5x15_lazy_stream,
          nzn_winding_woodlands_5x15_river_crossing,
          nzn_winding_woodlands_5x15_concentric,
          nzn_winding_woodlands_5x15_pockets,
          nzn_winding_woodlands_15x15_boxy_spiral], layout_stronghold,
          david_vaults_2
D:14:     layout_layer_cave, serial_park_square3 [serial_park_minivault_5x5_2]
D:15:     grunt_enter_depths_magical_seal, layout_basic, vehumet_altar_wand_db,
          uniq_azrael
Temple:   hellmonk_temple_micro_hex
Lair:1:   layout_layer_cave, chequers_serial_rivers_room_a,
          eino_small_chamber_without_monster, serial_bayou_crossing,
          grunt_megastairs_3, uniq_fannar
Lair:2:   layout_loops_ring, swamp_mist, nicolae_spider_entry_orb_guardian,
          portal_ice_cave_entry_pillars_1
Lair:3:   layout_gridlike, chequers_serial_rivers_small_3
Lair:4:   layout_concentric_octagons, slime_entry_1, serial_bayou_shore_b,
          grunt_megastairs_5, uniq_josephine
Lair:5:   gammafunk_lair_ancient_temple, layout_cellular_growth, st_stairs_9,
          infiniplex_staircase_pool_2
Swamp:1:  layout_basic_swamp, evilmike_swamp_ruin_house_3, swamp_pool2,
          uniq_aizul
Swamp:2:  layout_basic_swamp, nicolae_swamp_some_circles,
          infiniplex_staircase_pool, uniq_louise
Swamp:3:  layout_falls_marsh, nicolae_swamp_trees_clearing, swamp_pool1
Swamp:4:  swamp_fiery, layout_basic_swamp, uniq_kirke
Spider:1: layout_cave_pods, hangedman_spider_tarantella_strand
Spider:2: layout_spider_delve
Spider:3: layout_chambers
Spider:4: guppyfry_spider_rune, guppyfry_spider_mini_1
Orc:1:    layout_caves, nicolae_volcano_entry_vermiform, basic_altar,
          led_sif_book, uniq_erolcha
Orc:2:    st_orc_rangers, layout_caves, basic_altar, serial_shops,
          nicolae_shop_mannequins, uniq_donald
Vaults:1: ebering_ghost_reflecting_pool, nicolae_vaults_security_offices_6,
          nicolae_vaults_storage_closets_3, nicolae_vaults_closet_pinwheel_1,
          nicolae_vaults_tetromino_L_1, v_misc_32,
          nicolae_vaults_trapezoid_lopsided_3, vaults_room_door_ring,
          v_alt_pattern_2, v_rooms_4, nicolae_vaults_layer_cake_slice,
          vaults_room_fours, nicolae_vaults_tetromino_Z_2, layout_vaults_maze

Skill      XL: |  1  2  3  4  5  6  7  8  9 10 11 12 13 14 15 16 17 18 |
---------------+-------------------------------------------------------+-----
Fighting       | 4 5 6 8 9 11 15 19 21 22 24 26 27 | 27.0
Armour         | 4 5 6 7 8 9 11 12 13 14 15 | 15.4
Shields        | 4 5 6 11 12 15 | 15.7
Axes           | 3 4 5 6 7 10 12 14 16 18 19 21 22 | 22.9
Throwing       | 1 2 3 4 |  4.3
Maces & Flails | 3 |  3.3
Invocations    | 1 2 4 |  4.6
Dodging        | 1 2 4 6 |  6.0

Action                     |  1- 3 |  4- 6 |  7- 9 | 10-12 | 13-15 | 16-18 | 19-21 || total
---------------------------+-------+-------+-------+-------+-------+-------+-------++-------
  Melee: War axe           |   103 |    88 |   285 |   348 |   187 |       |       ||  1011
         Headbutt          |    12 |    12 |    59 |    94 |   207 |   324 |       ||   708
         Kick              |       |       |       |    91 |   337 |       |       ||   428
         Broad axe         |       |       |       |   112 |   691 |  1076 |     3 ||  1882
         Flail             |       |       |       |       |    17 |       |       ||    17
         Unarmed           |       |       |       |       |       |     3 |       ||     3
  Throw: Dart              |     1 |     3 |    13 |       |    12 |     3 |       ||    32
         Boomerang         |       |       |    10 |    16 |     1 |       |       ||    27
         Javelin           |       |       |       |       |    21 |    11 |       ||    32
 Invoke: Heroism           |       |       |       |       |    22 |    25 |       ||    47
  Evoke: Wand              |       |       |       |       |     3 |     3 |       ||     6
         Lightning rod     |       |       |       |       |     1 |       |       ||     1
    Use: Scroll            |     2 |     1 |     6 |    10 |    15 |    14 |     1 ||    49
         Potion            |       |     3 |     1 |     5 |       |     5 |     2 ||    16
   Stab: Invisible         |       |       |     1 |       |       |       |       ||     1
         Distracted        |       |       |       |       |       |     2 |       ||     2
         Confused          |       |       |       |       |       |     1 |       ||     1
 Armour: Scale mail        |    61 |    42 |     4 |       |    77 |   450 |     3 ||   637
         Chain mail        |       |       |   157 |       |       |       |       ||   157
         Plate armour      |       |       |       |   285 |   306 |       |       ||   591
  Dodge: Dodged            |    65 |    53 |    85 |   112 |   184 |   373 |     5 ||   877
  Block: Buckler           |    26 |    23 |    52 |    39 |       |       |       ||   140
         Kite shield       |       |       |       |   154 |   702 |   914 |     8 ||  1778
         Reflection        |       |       |       |       |    88 |    48 |       ||   136
         Other             |       |       |       |       |       |     1 |       ||     1
